 Dungeon Crawl Stone Soup version 0.30.1-11-g7821555f0a (webtiles) character file.

Game seed: 13775159334991538269

105 KittyFluff the Cudgeller (level 4, -10/43 HPs)
             Began as a Gargoyle Berserker on Nov 8, 2023.
             Was a Believer of Trog.
             Killed from afar by Ijyb (14 damage)
             ... with a bolt of acid
             ... on level 3 of the Dungeon.
             The game lasted 00:07:53 (2133 turns).

KittyFluff the Cudgeller (Gargoyle Berserker)       Turns: 2133, Time: 00:07:53

Health: -10/43     AC:  8    Str: 23    XL:     4   Next: 83%
Magic:  4/4        EV: 12    Int:  7    God:    Trog [**....]
Gold:   65         SH:  0    Dex: 15    Spells: 3/3 levels left

rFire   . . .        a - +0 mace
rCold   . . .        (no shield)
rNeg    + . .        i - +0 leather armour
rPois   ∞            (no helmet)
rElec   +            l - scarf {+Inv}
rCorr   .            (no gloves)
SInv    .            d - +0 pair of boots
Will    .....        (no amulet) Stlth
                     c - +6 ring of dexterity
HPRegen 0.27/turn    (no ring)
MPRegen 0.09/turn

%: no passive effects
@: berserking, very quick
A: sickness immunity, AC +3, negative energy resistance 1, electricity
resistance, torment resistance 1, petrification resistance
a: Renounce Religion, Evoke Invisibility, Berserk, Trog's Hand


You were on level 3 of the Dungeon.
You worshipped Trog.
Trog was pleased with you.
You visited 1 branch of the dungeon, and saw 3 of its levels.

You collected 65 gold pieces.

Inventory:

Hand Weapons
 a - a +0 mace (weapon)
 b - a +0 morningstar
 m - a +0 sling
Armour
 d - a +0 pair of boots (worn)
 i - a +0 leather armour (worn)
 l - a scarf of invisibility (worn)
Jewellery
 c - a +6 ring of dexterity (left hand)
Scrolls
 f - a scroll of immolation
 g - a scroll of amnesia {unknown}
 j - a scroll of blinking {unknown}
 k - a scroll of butterflies {unknown}
Potions
 e - 2 potions of heal wounds
 h - a potion of flight {unknown}


   Skills:
 + Level 3.7 Fighting
 * Level 3.8 Maces & Flails
 * Level 3.5 Armour
 + Level 2.0 Dodging
 + Level 1.5 Stealth


You had 3 spell levels left.
You didn't know any spells.
Your spell library was empty.

Dungeon Overview and Level Annotations

Branches:
Dungeon (3/15)

Altars:

Annotations:
D:3 Ijyb


Innate Abilities, Weirdness & Mutations

You are immune to sickness and miasma.
Your stone body is resilient. (AC +3)
You are immune to poison.
You resist negative energy. (rN+)
You are resistant to electric shocks. (rElec)
You are resistant to unholy torment.
You are immune to petrification.


Message History

The orc closely misses you. The hobgoblin closely misses you.
You hit the hobgoblin.
You kill the hobgoblin!
Trog accepts your kill. The orc barely misses you.
You closely miss the orc. The orc barely misses you.
You closely miss the orc. The orc barely misses you.
You closely miss the orc. The orc closely misses you.
The orc hits you with a +0 flail!
You barely miss the orc. The orc closely misses you.
You closely miss the orc. The orc closely misses you.
You sock the orc!
You kill the orc!
Trog accepts your kill.
Things that are here:
a +0 flail; a +0 leather armour; an orc corpse You start resting.
HP restored.
Found a stone staircase leading up.
Found a book of Flames.
Things that are here:
a book of Flames; 6 stones
Found 6 stones.
Ijyb the Twisted Goblin comes into view.
She is wielding a +0 club and carrying a wand of acid (5).
Ijyb shouts!
Ijyb zaps a wand.
The bolt of acid misses you. Ijyb closely misses you.
You barely miss Ijyb. Ijyb barely misses you.
You hit Ijyb but do no damage. Ijyb hits you but does no damage.
Ijyb zaps a wand.
The bolt of acid hits you.
You barely miss Ijyb.
Ijyb zaps a wand.
The bolt of acid hits you!
You closely miss Ijyb. Ijyb misses you.
You hit Ijyb but do no damage.
Ijyb zaps a wand.
The bolt of acid hits you!
* * * LOW HITPOINT WARNING * * *
A red film seems to cover your vision as you go berserk!
You feel yourself moving faster!
You feel mighty! Ijyb barely misses you.
You sock Ijyb!
Ijyb is heavily wounded.
Ijyb zaps a wand.
The bolt of acid hits you!
You die...

### #. # #. #.# # #. #.#
# #. #.# # #. #.# # # #.
#.### # ###.##g## #.#.##
#
......#@#######....####.
......(...............+.
##.....#####.......####.
##.#.. #.###..## #
#..... #.# #.## # ####.#
#.###.# #. #.....# #.
###.### #. #.#


You could see Ijyb.

Vanquished Creatures
  Jessica (D:2)
  3 adders (D:2)
  2 worms (D:2)
  A dart slug (D:1)
  An orc (D:3)
  A bat (D:2)
  4 endoplasms
  A giant cockroach (D:2)
  5 goblins
  3 hobgoblins
  7 jackals
  A quokka (D:1)
  2 ball pythons (D:1)
  3 frilled lizards
  2 kobolds
  5 rats
42 creatures vanquished.

Notes
Turn   | Place    | Note
-------+----------+-------------------------------------------
     0 | D:1      | KittyFluff the Gargoyle Berserker began the quest for the
                  | Orb.
     0 | D:1      | Reached XP level 1. HP: 14/14 MP: 1/1
   160 | D:1      | Reached XP level 2. HP: 19/19 MP: 2/2
  1099 | D:2      | Reached XP level 3. HP: 10/23 MP: 3/3
  1409 | D:2      | Reached skill level 1 in Stealth
  1671 | D:2      | Noticed Jessica
  1681 | D:2      | Killed Jessica
  1682 | D:2      | Reached XP level 4. HP: 29/29 MP: 4/4
  1839 | D:2      | Reached ** piety under Trog
  2123 | D:3      | Noticed Ijyb
  2133 | D:3      | Killed from afar by Ijyb

Illustrated notes

Levels and vault maps discovered:
D:1:      dpeg_arrival_round_c, layout_basic, wad_floor_pattern_untrapped,
          hex_large, minmay_hedge_maze, reono_crystal_passage, minivault_27,
          hangedman_decor_slide_cut
D:2:      kennysheep_big_flooded_room, layout_basic, uniq_jessica
D:3:      layout_loops_corners, nicolae_hepliaklqana_hippocampus,
          mainiacjoe_overflow_chevrons, uniq_ijyb, uniq_crazy_yiuf_cottage

Skill      XL: |  1  2  3  4 |
---------------+-------------+-----
Armour         | 3 |  3.5
Stealth        | 1 |  1.5
Dodging        | 2 |  2.0
Fighting       | |  3.7
Maces & Flails | |  3.8

Action                     |  1- 3 |  4- 6 || total
---------------------------+-------+-------++-------
  Melee: Mace              |    89 |    48 ||   137
 Invoke: Berserk           |       |     1 ||     1
    Use: Scroll            |     3 |       ||     3
 Armour: Animal skin       |    12 |       ||    12
         Leather armour    |    15 |    14 ||    29
  Dodge: Dodged            |    48 |    40 ||    88
